 Dungeon Crawl Stone Soup version 0.23-b1-3-gdda8187c6f (webtiles) character file.

Game seed: 12634568839527864693

74 Peloso the Covered (level 4, 0/40 HPs)
             Began as a Minotaur Fighter on Feb 1, 2019.
             Slain by a scorpion (1 damage)
             ... on level 2 of the Dungeon.
             The game lasted 00:01:47 (1284 turns).

Peloso the Covered (Minotaur Fighter)               Turns: 1284, Time: 00:01:48

Health: 0/40       AC:  8    Str: 20    XL:     4   Next: 9%
Magic:  3/3        EV:  7    Int:  5    God:
Gold:   136        SH:  9    Dex: 11    Spells: 3/3 levels left

rFire    x . .     SeeInvis .   a - +0 long sword
rCold    + . .     Gourm    .   c - +0 shield
rNeg     . . .     Faith    .   b - +0 scale mail
rPois    .         Spirit   .   k - +1 hat
rElec    .         Reflect  .   (no cloak)
rCorr    .         Harm     .   (no gloves)
MR       .....                  (no boots)
Stlth    ..........             (no amulet)
HPRegen  0.13/turn              j - ring of ice
MPRegen  0.08/turn              l - ring of flight

@: lethally poisoned (0 -> -6)
A: retaliatory headbutt, horns 2
a: Evoke Flight


You were on level 2 of the Dungeon.
You were not hungry.

You visited 1 branch of the dungeon, and saw 2 of its levels.

You collected 136 gold pieces.

Inventory:

Hand Weapons
 a - a +0 long sword (weapon)
Armour
 b - a +0 scale mail (worn)
 c - a +0 shield (worn)
 k - a +1 hat (worn)
Jewellery
 j - a ring of ice (left hand)
 l - a ring of flight (right hand)
Scrolls
 e - 2 scrolls of identify {unknown}
 g - 3 scrolls of remove curse {unknown}
 h - 2 scrolls of teleportation {unknown}
 i - a scroll of noise {unknown}
 m - a scroll of immolation {unknown}
 n - a scroll of magic mapping {unknown}
 o - a scroll of random uselessness {unknown}
Potions
 d - a potion of might
Comestibles
 f - 4 rations
 p - 2 chunks of flesh


   Skills:
 + Level 4.1 Fighting
 + Level 3.2 Long Blades
 + Level 4.6 Armour
 + Level 0.6 Dodging
 + Level 0.2 Stealth
 + Level 4.1 Shields


You had 3 spell levels left.
You didn't know any spells.
Your spell library was empty.

Dungeon Overview and Level Annotations

Branches:
Dungeon (2/15)

Altars:
Ashenzari


Innate Abilities, Weirdness & Mutations

You reflexively headbutt those who attack you in melee.
You have a pair of horns on your head.


Message History

You feel sick. You block the scorpion's attack.
You slash the scorpion! Your headbutt misses the scorpion.
The scorpion is heavily wounded.
* * * LOW HITPOINT WARNING * * *
You feel sick. The scorpion closely misses you. You furiously retaliate!
You headbutt the scorpion. You block the scorpion's attack.
You closely miss the scorpion. You headbutt the scorpion.
The scorpion is severely wounded.
* * * LOW HITPOINT WARNING * * *
You feel sick. The scorpion stings you.
* * * LOW HITPOINT WARNING * * *
You closely miss the scorpion.
The scorpion is severely wounded.
* * * LOW HITPOINT WARNING * * *
You feel sick. You block the scorpion's attack.
You closely miss the scorpion.
The scorpion is severely wounded.
* * * LOW HITPOINT WARNING * * *
You feel sick. You block the scorpion's attack. The scorpion stings you.
You die...

######.###......####
#........)...........
.....#.#####.....####.
#.## #. ###..........
#. #........###. .r
#.#.....## #.
#.##...## #. . ##.## #
#@# ......s......#
##.####......#
.....#.# ####.# # .# #


You could see a scorpion.

Vanquished Creatures
  A worker ant (D:2)
  An adder (D:2)
  4 dart slugs
  A giant cockroach (D:2)
  3 goblins
  8 hobgoblins
  3 jackals (D:1)
  A kobold (D:1)
  4 bats
  3 frilled lizards
  5 rats
34 creatures vanquished.

Notes
Turn   | Place    | Note
-------+----------+-------------------------------------------
     0 | D:1      | Peloso the Minotaur Fighter began the quest for the Orb.
     0 | D:1      | Reached XP level 1. HP: 19/19 MP: 0/0
   161 | D:1      | Reached XP level 2. HP: 9/27 MP: 1/1
   799 | D:1      | Reached XP level 3. HP: 33/33 MP: 2/2
  1165 | D:2      | Found a shattered altar of Ashenzari.
  1219 | D:2      | Reached XP level 4. HP: 38/40 MP: 3/3
  1283 | D:2      | HP: 2/40 [poisoned by a scorpion]
  1284 | D:2      | Slain by a scorpion

Skill      XL: |  1  2  3 |
---------------+----------+-----
Armour         | 4 |  4.6
Fighting       | 4 |  4.1
Shields        | 4 |  4.1
Long Blades    | 3 |  3.2
Dodging        | |  0.6
Stealth        | |  0.2

Action                   |  1- 3 |  4- 6 || total
-------------------------+-------+-------++-------
Melee: Long sword        |    69 |    23 ||    92
       Headbutt          |     9 |     3 ||    12
  Eat: Chunk             |       |     1 ||     1
Armor: Scale mail        |    33 |     7 ||    40
Dodge: Dodged            |    33 |     4 ||    37
Block: Shield            |    39 |     8 ||    47
       Rpst.: Long sword |     7 |     2 ||     9
